 Dungeon Crawl Stone Soup version 0.17.1-2-g5865329 (webtiles) character file.

1224 PossumBlood the Archer (level 8, -24/50 HPs)
             Began as a High Elf Hunter on Jan 23, 2016.
             Annihilated by an ogre
             ... wielding a +0 giant club
              (25 damage)
             ... on level 6 of the Dungeon.
             The game lasted 00:21:34 (5398 turns).

PossumBlood the Archer (High Elf Hunter)            Turns: 5398, Time: 00:21:34

Health: -24/50     AC:  6    Str: 11    XL:     8   Next: 23%
Magic:  9/9        EV: 12    Int: 16    God:
Gold:   233        SH:  0    Dex: 17    Spells: 0 memorised, 7 levels left

rFire  . . .     SeeInvis .     u - +1 rapier (speed)
rCold  . . .     Clarity  .     c - +1 leather armour
rNeg   . . .     SustAt   .     (no shield)
rPois  +         Gourm    .     (no helmet)
rElec  .         Spirit   .     i - +0 cloak
rCorr  .         Warding  .     (no gloves)
rMut   +         Stasis   .     r - +0 pair of boots
MR     +....                    m - amulet of resist mutation
Stlth  ++........               q - ring of poison resistance
                                f - ring of protection from magic

@: somewhat resistant to hostile enchantments, unstealthy
A: no striking features
a: no special abilities


You were on level 6 of the Dungeon.
You were not hungry.

You visited 2 branches of the dungeon, and saw 7 of its levels.

You collected 233 gold pieces.

Inventory:

Hand Weapons
 a - a +2 shortbow
 u - a +1 rapier of speed (weapon)
Armour
 c - a +1 leather armour (worn)
 i - a +0 cloak (worn)
 r - a +0 pair of boots (worn)
Jewellery
 f - a ring of protection from magic (left hand)
 l - an uncursed ring of flight
 m - an amulet of resist mutation (around neck)
 p - an uncursed amulet of stasis
 q - a ring of poison resistance (right hand)
 t - an uncursed amulet of clarity
 w - an uncursed ring of magical power
Wands
 y - a wand of teleportation (2)
 z - a wand of teleportation (7)
Scrolls
 s - a scroll of identify
Potions
 g - a potion of might {unknown}
 h - 2 potions of degeneration {unknown}
 j - a potion of berserk rage {unknown}
 x - 2 potions of poison {unknown}
 A - a potion of agility {unknown}
Books
 b - an Akashic Record

   Spells                             Type                      Level
   a - Dispersal                      Translocation                6
   b - Malign Gateway                 Summoning/Translocation      7
   c - Disjunction                    Translocation                8
   d - Controlled Blink               Translocation                8
Comestibles
 e - 5 bread rations
 n - 3 meat rations


   Skills:
 - Level 2.0 Fighting
 * Level 13.4 Bows
 - Level 2.1 Dodging
 - Level 1.1 Stealth


You had 7 spell levels left.
You didn't know any spells.

Dungeon Overview and Level Annotations

Branches:
Dungeon (6/15)             Temple (1/1) D:4

Altars:
Ashenzari
Dithmenos
Elyvilon
Fedhas
Gozag
Kikubaaqudgha
Nemelex Xobeh
Qazlal
Sif Muna
Xom
Yredelemnul
Zin
The Shining One


Message History

Drink which item? (? for menu, Esc to quit)
You feel better.
The orc wizard hits you but does no damage.
The orc hits you with a flail.
* * * LOW HITPOINT WARNING * * *
The orc warrior closely misses you. The ogre misses you.
Drink which item? (? for menu, Esc to quit)
You feel better.
The orc wizard hits you but does no damage.
The orc barely misses you.
The orc wizard points at you and mumbles some strange words.
The magic dart hits you!
* * * LOW HITPOINT WARNING * * *
The orc warrior hits you with a scimitar!
* * * LOW HITPOINT WARNING * * *
Read which item? (? for menu, Esc to quit)
As you read the scroll of fog, it crumbles to dust.
The scroll dissolves into smoke.
The ogre hits you with a giant club!!
Ouch! That really hurt!
You die...

.. #.<.### #.# >......
#.. ......# #####. ###..
......# ...... .....##
......#
###..).........##.§..!.##
#.......?..#.#Oo.......
#........>...o@o§....#
#............§§###...## #
#...........§.####.....
###[.....................
..#......................
#..###.#..#.###.#.......#
......†.....^....†......#
.#.##....................
##.##......#....#.#.....#


You could see an orc warrior, an ogre, an orc wizard and an orc.

Vanquished Creatures
  4 ogres (D:5)
  2 scorpions (D:4)
  A hound (D:5)
  2 jellies (D:5)
  4 orc priests
  A giant frog skeleton (D:6)
  2 orc wizards (D:4)
  An iguana (D:5)
  7 worker ants
  A hound skeleton (D:6)
  15 adders
  2 river rats (D:4)
  3 oozes
  An adder skeleton (D:5)
  3 worms
  4 giant geckos
  16 orcs
  2 ball pythons
  7 bats
  7 giant cockroaches
  9 hobgoblins
  21 jackals
  A quokka (D:3)
  6 giant newts
  5 goblins
  3 kobolds
  A quokka skeleton (D:4)
  5 rats
136 creatures vanquished.

Notes
Turn   | Place    | Note
--------------------------------------------------------------
     0 | D:1      | PossumBlood the High Elf Hunter began the quest for the Orb.
     0 | D:1      | Reached XP level 1. HP: 14/14 MP: 2/2
   229 | D:1      | Reached XP level 2. HP: 19/19 MP: 3/3
   241 | D:1      | Reached skill level 6 in Bows
   799 | D:2      | Reached XP level 3. HP: 24/24 MP: 4/4
   866 | D:2      | Found a white marble altar of Elyvilon.
  1150 | D:2      | Reached skill level 7 in Bows
  1172 | D:2      | Found a sparkling altar of Nemelex Xobeh.
  1271 | D:2      | Reached XP level 4. HP: 10/29 MP: 5/5
  1609 | D:2      | Found a glowing silver altar of Zin.
  1821 | D:3      | Reached skill level 8 in Bows
  2041 | D:3      | Reached XP level 5. HP: 34/34 MP: 6/6
  2348 | D:4      | Reached skill level 9 in Bows
  2614 | D:4      | Reached XP level 6. HP: 16/39 MP: 7/7
  2862 | D:4      | Found a staircase to the Ecumenical Temple.
  2944 | Temple   | Entered the Ecumenical Temple
  3069 | D:4      | Found a sparkling altar of Nemelex Xobeh.
  3078 | D:4      | Reached skill level 10 in Bows
  3733 | D:5      | Entered Level 5 of the Dungeon
  3748 | D:5      | Reached skill level 11 in Bows
  3748 | D:5      | Reached XP level 7. HP: 45/45 MP: 8/8
  3950 | D:5      | Found a shimmering altar of Xom.
  3951 | D:5      | Found a shimmering altar of Xom.
  3966 | D:5      | Found a shimmering altar of Xom.
  3985 | D:5      | Found a shimmering altar of Xom.
  4043 | D:5      | Found a shimmering altar of Xom.
  4043 | D:5      | Found a shimmering altar of Xom.
  4048 | D:5      | Reached skill level 12 in Bows
  4292 | D:5      | Found a shimmering altar of Xom.
  4311 | D:5      | Found a shattered altar of Ashenzari.
  4494 | D:5      | Reached XP level 8. HP: 37/50 MP: 9/9
  4722 | D:5      | Reached skill level 13 in Bows
  5397 | D:6      | HP: 1/50 [orc warrior/scimitar (7)]
  5398 | D:6      | Annihilated by an ogre

Action                   |  1- 3 |  4- 6 |  7- 9 || total
-------------------------+-------+-------+-------++-------
Melee: Short sword       |       |    31 |       ||    31
       Rapier            |       |       |   136 ||   136
 Fire: Shortbow          |   119 |   206 |   109 ||   434
  Use: Scroll            |     5 |     4 |     3 ||    12
       Potion            |       |     1 |     3 ||     4
  Eat: Royal jelly       |     1 |       |       ||     1
       Fruit             |       |     2 |     3 ||     5
       Beef jerky        |       |     1 |       ||     1
       Bread ration      |       |     1 |     1 ||     2
